HSSL
OLIVER AMES HS TIGERS @ MOUNTAIN POINTE HS
04/16/2027
 
TOP OF THE 1ST
Oliver Ames HS Tigers batting - Pitching for Mountain Pointe HS : RHP Rob Wright
Pitching: RHP Rob Wright
Batting: LHB Jason King 0-0: Ball
1-0: Ball
2-0: Ball
3-0: Base on Balls
Batting: LHB Brandon Napoleon 0-0: SINGLE (Groundball, 56D)
Jason King to second
Batting: RHB Will Hinkle 0-0: Ball
1-0: Ball
2-0: Called Strike
2-1: Swinging Strike
2-2: SINGLE (Flyball, 78S)
Jason King to third
Brandon Napoleon to second
Batting: LHB Kevin Carter 0-0: Ball
1-0: Foul Ball, location: 2F
1-1: Ball
2-1: Ball
3-1: Foul Ball, location: 2F
3-2: SINGLE (Flyball, 7S)
Jason King scores
Brandon Napoleon to third
Will Hinkle to second
Batting: RHB Kenny Miller 0-0: Swinging Strike
0-1: Ball
1-1: Foul Ball, location: 2F
1-2: SINGLE (Line Drive, 9)
Brandon Napoleon scores
Will Hinkle to third
Kevin Carter to second
Batting: SHB Mark Thompson 0-0: Ball
1-0: Ball
2-0: Ball
3-0: Called Strike
3-1: Foul Ball, location: 2F
3-2: Base on Balls
Will Hinkle scores
Kevin Carter to third
Kenny Miller to second
Batting: SHB Chris Barrett 0-0: Called Strike
0-1: Swinging Strike
0-2: TRIPLE (Flyball, 9LM)
Kevin Carter scores
Kenny Miller scores
Mark Thompson scores
Batting: SHB Lee Dean 0-0: Called Strike
0-1: Ball
1-1: Foul Ball, location: 2F
1-2: Ball
2-2: Foul Ball, location: 2F
2-2: Ball
3-2: Foul Ball, location: 2F
3-2: Strikes out swinging
Batting: RHB David Morgan 0-0: Ball
1-0: Ball
2-0: Called Strike
2-1: Foul Ball, location: 2F
2-2: Fly out, F7 (Flyball, 7)
Runner from 3rd tags up, SCORES, no throw
Batting: LHB Jason King 0-0: Ground out 3-1 (Groundball, 34S)
Top of the 1st over - 7 run(s), 5 hit(s), 0 error(s), 0 left on base; Oliver Ames HS 7 - Mountain Pointe HS 0
BOTTOM OF THE 1ST
Mountain Pointe HS batting - Pitching for Oliver Ames HS Tigers : RHP Vincent Hendrickson
Pitching: RHP Vincent Hendrickson
Batting: RHB Richard Bass 0-0: Ball
1-0: SINGLE (Flyball, 9LM)
Batting: SHB Erwin Dwyer 0-0: Called Strike
0-1: Foul Ball, location: 2F
0-2: Ball
1-2: Ball
2-2: SINGLE (Groundball, 6D)
Richard Bass to second
Batting: RHB Vicente Correa 0-0: Swinging Strike
0-1: Ball
1-1: Ball
2-1: Ball
3-1: Base on Balls
Richard Bass to third
Erwin Dwyer to second
Batting: LHB Johnny Beach 0-0: Ball
1-0: Ball
2-0: Called Strike
2-1: Ball
3-1: Base on Balls
Richard Bass scores
Erwin Dwyer to third
Vicente Correa to second
Batting: SHB Paul Campbell 0-0: Foul Ball, location: 2F
0-1: Ball
1-1: Ball
2-1: Ball
3-1: Base on Balls
Erwin Dwyer scores
Vicente Correa to third
Johnny Beach to second
Batting: RHB Ambrosio Hernández 0-0: SINGLE (Line Drive, 34)
Vicente Correa scores
Johnny Beach to third
Paul Campbell to second
Batting: RHB Bill Sharp 0-0: Ball
1-0: Called Strike
1-1: Ball
2-1: Ball
3-1: Swinging Strike
3-2: Foul Ball, location: 2F
3-2: Fly out, F9 (Flyball, 9)
Runner from 3rd tags up, SCORES, throw made
Batting: SHB Larry Brantley 0-0: Ball
Paul Campbell is caught stealing 3rd base
Ambrosio Hernández to second
1-0: Ground out 6-3 (Groundball, 6MS)
Bottom of the 1st over - 4 run(s), 3 hit(s), 0 error(s), 1 left on base; Oliver Ames HS 7 - Mountain Pointe HS 4
TOP OF THE 2ND
Oliver Ames HS Tigers batting - Pitching for Mountain Pointe HS : RHP Rob Wright
Pitching: LHP José Cruz
Batting: LHB Brandon Napoleon 0-0: Bunted foul
0-1: Ball
1-1: Ball
2-1: Ball
3-1: Swinging Strike
3-2: SINGLE (Flyball, 9S)
Batting: RHB Will Hinkle 0-0: Ball
1-0: Ball
Brandon Napoleon is caught stealing 2nd base
2-0: Ball
3-0: Called Strike
3-1: Base on Balls
Batting: LHB Kevin Carter 0-0: Swinging Strike
0-1: Called Strike
0-2: Strikes out looking
Batting: RHB Kenny Miller 0-0: Ball
1-0: Ball
2-0: Called Strike
2-1: Swinging Strike
2-2: Ball
3-2: Foul Ball, location: 2F
3-2: Base on Balls
Will Hinkle to second
Batting: SHB Mark Thompson 0-0: Ball
1-0: Fielders Choice at 2nd, 5-4 (Groundball, 5)
Top of the 2nd over - 0 run(s), 1 hit(s), 0 error(s), 1 left on base; Oliver Ames HS 7 - Mountain Pointe HS 4
BOTTOM OF THE 2ND
Mountain Pointe HS batting - Pitching for Oliver Ames HS Tigers : RHP Vincent Hendrickson
Batting: LHB Rob Johnson 0-0: Ground out 4-3 (Groundball, 4D)
Batting: RHB Richard Bass 0-0: Ball
1-0: Fly out, F8 (Flyball, 8LM)
Batting: SHB Erwin Dwyer 0-0: Swinging Strike
0-1: Foul Ball, location: 2F
0-2: Ball
1-2: Ball
2-2: Strikes out looking
Bottom of the 2nd over - 0 run(s), 0 hit(s), 0 error(s), 0 left on base; Oliver Ames HS 7 - Mountain Pointe HS 4
TOP OF THE 3RD
Oliver Ames HS Tigers batting - Pitching for Mountain Pointe HS : LHP José Cruz
Batting: SHB Chris Barrett 0-0: Ball
1-0: Foul Ball, location: 2F
1-1: Ball
2-1: Foul Ball, location: 2F
2-2: Foul Ball, location: 2F
2-2: Foul Ball, location: 2F
2-2: Foul Ball, location: 2F
2-2: Fly out, F7 (Flyball, 7)
Batting: SHB Lee Dean 0-0: Ball
1-0: Fly out, F7 (Line Drive, 78M)
Batting: RHB David Morgan 0-0: Called Strike
0-1: Ball
1-1: Ball
2-1: Called Strike
2-2: Ball
3-2: SINGLE (Line Drive, 34D)
Batting: LHB Jason King 0-0: Ground out U3 (Groundball, 34S)
Top of the 3rd over - 0 run(s), 1 hit(s), 0 error(s), 1 left on base; Oliver Ames HS 7 - Mountain Pointe HS 4
BOTTOM OF THE 3RD
Mountain Pointe HS batting - Pitching for Oliver Ames HS Tigers : RHP Vincent Hendrickson
Batting: RHB Vicente Correa 0-0: Called Strike
0-1: Foul Ball, location: 2F
0-2: Ball
1-2: Fly out, F6 (Popup, 56D)
Batting: LHB Johnny Beach 0-0: Fly out, F3 (Line Drive, 3S)
Batting: SHB Paul Campbell 0-0: Ball
1-0: Foul Ball, location: 2F
1-1: Ball
2-1: Foul Ball, location: 2F
2-2: Foul Ball, location: 2F
2-2: Foul Ball, location: 2F
2-2: Ball
3-2: Ground out 4-3 (Groundball, 4)
Bottom of the 3rd over - 0 run(s), 0 hit(s), 0 error(s), 0 left on base; Oliver Ames HS 7 - Mountain Pointe HS 4
TOP OF THE 4TH
Oliver Ames HS Tigers batting - Pitching for Mountain Pointe HS : LHP José Cruz
Batting: LHB Brandon Napoleon 0-0: Swinging Strike
0-1: Foul Ball, location: 2F
0-2: Ball
1-2: Strikes out swinging
Batting: RHB Will Hinkle 0-0: Ball
1-0: Ball
2-0: Swinging Strike
2-1: Ball
3-1: Base on Balls
Pitching: RHP Carl Brady
Batting: LHB Kevin Carter 0-0: Grounds into double play, 4-6-3 (Groundball, 4)
Top of the 4th over - 0 run(s), 0 hit(s), 0 error(s), 0 left on base; Oliver Ames HS 7 - Mountain Pointe HS 4
BOTTOM OF THE 4TH
Mountain Pointe HS batting - Pitching for Oliver Ames HS Tigers : RHP Vincent Hendrickson
Batting: RHB Ambrosio Hernández 0-0: Foul Ball, location: 2F
0-1: SINGLE (Groundball, 6) (infield hit)
Batting: RHB Bill Sharp 0-0: Ball
1-0: Called Strike
1-1: Ball
2-1: Called Strike
2-2: Strikes out swinging
Batting: SHB Larry Brantley 0-0: Foul Ball, location: 2F
0-1: Ball
1-1: Called Strike
1-2: Fly out, F8 (Flyball, 8LS)
Batting: LHB Rob Johnson 0-0: Called Strike
0-1: Fly out, F9 (Flyball, 9S)
Bottom of the 4th over - 0 run(s), 1 hit(s), 0 error(s), 1 left on base; Oliver Ames HS 7 - Mountain Pointe HS 4
TOP OF THE 5TH
Oliver Ames HS Tigers batting - Pitching for Mountain Pointe HS : RHP Carl Brady
Batting: RHB Kenny Miller 0-0: Ball
1-0: Ball
2-0: Ball
3-0: Base on Balls
Batting: SHB Mark Thompson 0-0: Swinging Strike
0-1: Ball
1-1: Ball
2-1: Called Strike
2-2: Foul Ball, location: 2F
2-2: Strikes out swinging
Batting: SHB Chris Barrett 0-0: Fly out, F6 (Line Drive, 6)
Batting: SHB Lee Dean 0-0: Ground out U3 (Groundball, 3L)
Top of the 5th over - 0 run(s), 0 hit(s), 0 error(s), 1 left on base; Oliver Ames HS 7 - Mountain Pointe HS 4
BOTTOM OF THE 5TH
Mountain Pointe HS batting - Pitching for Oliver Ames HS Tigers : RHP Vincent Hendrickson
Batting: RHB Richard Bass 0-0: Ball
1-0: Called Strike
1-1: Ball
2-1: Swinging Strike
2-2: Strikes out swinging
Batting: SHB Erwin Dwyer 0-0: Ball
1-0: Foul Ball, location: 2F
1-1: Called Strike
1-2: Ground out U3 (Groundball, 3)
Batting: RHB Vicente Correa 0-0: Ball
1-0: Fly out, F4 (Line Drive, 4)
Bottom of the 5th over - 0 run(s), 0 hit(s), 0 error(s), 0 left on base; Oliver Ames HS 7 - Mountain Pointe HS 4
TOP OF THE 6TH
Oliver Ames HS Tigers batting - Pitching for Mountain Pointe HS : RHP Carl Brady
Batting: RHB David Morgan 0-0: Ball
1-0: Ball
2-0: Ball
3-0: Base on Balls
Batting: LHB Jason King 0-0: Ball
1-0: Ball
2-0: SINGLE (Groundball, 34)
David Morgan to second
Throwing error, E9
David Morgan scores
Jason King to second
Batting: LHB Brandon Napoleon 0-0: Foul Ball, location: 2F
0-1: Ball
1-1: Swinging Strike
1-2: Ball
2-2: Ball
3-2: Base on Balls
Batting: RHB Will Hinkle 0-0: Ball
1-0: Called Strike
1-1: Ball
2-1: Foul Ball, location: 2F
2-2: Foul Ball, location: 2F
2-2: Grounds into double play, 6-4-3 (Groundball, 6)
Jason King to third
Batting: LHB Kevin Carter 0-0: Ball
1-0: Ball
2-0: Hit by Pitch
Batting: RHB Kenny Miller 0-0: Called Strike
0-1: Ball
1-1: Foul Ball, location: 2F
1-2: Ball
2-2: Ball
3-2: Foul Ball, location: 2F
3-2: SINGLE (Line Drive, 4D)
Jason King scores
Kevin Carter to second
Kevin Carter to third
Pitching: RHP Tim Pope
Batting: SHB Mark Thompson 0-0: Ball
1-0: Foul Ball, location: 2F
1-1: Ball
2-1: Swinging Strike
2-2: Ball
3-2: Foul Ball, location: 2F
3-2: Foul Ball, location: 2F
3-2: Fly out, F7 (Line Drive, 78M)
Top of the 6th over - 2 run(s), 2 hit(s), 1 error(s), 2 left on base; Oliver Ames HS 9 - Mountain Pointe HS 4
BOTTOM OF THE 6TH
Mountain Pointe HS batting - Pitching for Oliver Ames HS Tigers : RHP Vincent Hendrickson
Batting: LHB Johnny Beach 0-0: Ball
1-0: Ball
2-0: Ball
3-0: Called Strike
3-1: Base on Balls
Pitching: RHP Herman Watson
Batting: SHB Paul Campbell 0-0: SINGLE (Groundball, 56S) (infield hit)
Johnny Beach to second
Batting: RHB Ambrosio Hernández 0-0: SINGLE (Groundball, 56D)
Johnny Beach to third
Paul Campbell to second
Runner from 3rd tries for Home, throw and OUT!
Paul Campbell to third
Ambrosio Hernández to second
Batting: RHB Bill Sharp 0-0: Ball
1-0: Ball
2-0: Ball
3-0: Base on Balls
Batting: SHB Larry Brantley 0-0: SINGLE (Line Drive, 9S)
Paul Campbell scores
Ambrosio Hernández to third
Bill Sharp to second
Runner from 3rd tries for Home, SAFE, no throw
Pitching: LHP José Cabrera
Batting: LHB Rob Johnson 0-0: Ball
1-0: Ball
2-0: Fielders Choice at 2nd, 1-6 (Groundball, 13S)
Bill Sharp to third
Batting: RHB Richard Bass 0-0: Foul Ball, location: 2F
0-1: Foul Ball, location: 2F
0-2: Ball
1-2: Hit by Pitch
Rob Johnson to second
Batting: SHB Erwin Dwyer 0-0: Ball
1-0: Ball
2-0: Called Strike
2-1: Ball
3-1: Foul Ball, location: 2F
3-2: Foul Ball, location: 2F
3-2: Base on Balls
Bill Sharp scores
Rob Johnson to third
Richard Bass to second
Batting: RHB Vicente Correa 0-0: Ball
1-0: Called Strike
1-1: Called Strike
1-2: Ball
2-2: Ball
3-2: Base on Balls
Rob Johnson scores
Richard Bass to third
Erwin Dwyer to second
Batting: LHB Johnny Beach 0-0: Ball
1-0: Foul Ball, location: 2F
1-1: Ball
2-1: Ground out 4-3 (Groundball, 4S)
Bottom of the 6th over - 4 run(s), 3 hit(s), 0 error(s), 3 left on base; Oliver Ames HS 9 - Mountain Pointe HS 8
TOP OF THE 7TH
Oliver Ames HS Tigers batting - Pitching for Mountain Pointe HS : RHP Tim Pope
Batting: SHB Chris Barrett 0-0: Called Strike
0-1: Ball
1-1: Foul Ball, location: 2F
1-2: Strikes out looking
Batting: SHB Lee Dean 0-0: Ball
1-0: Fly out, F9 (Flyball, 9LM)
Batting: RHB David Morgan 0-0: Ground out 6-3 (Groundball, 6)
Top of the 7th over - 0 run(s), 0 hit(s), 0 error(s), 0 left on base; Oliver Ames HS 9 - Mountain Pointe HS 8
BOTTOM OF THE 7TH
Mountain Pointe HS batting - Pitching for Oliver Ames HS Tigers : LHP José Cabrera
Batting: SHB Paul Campbell 0-0: Ball
1-0: Swinging Strike
1-1: Swinging Strike
1-2: Strikes out swinging
Batting: RHB Ambrosio Hernández 0-0: Swinging Strike
0-1: Fly out, F5 (Line Drive, 5L)
Batting: RHB Bill Sharp 0-0: Ball
1-0: Ball
2-0: Called Strike
2-1: SOLO HOME RUN (Line Drive, 78XD), Distance : 429 ft
Pitching: RHP Albert Ballard
Batting: SHB Larry Brantley 0-0: Fly out, F9 (Flyball, 9)
Bottom of the 7th over - 1 run(s), 1 hit(s), 0 error(s), 0 left on base; Oliver Ames HS 9 - Mountain Pointe HS 9
TOP OF THE 8TH
Oliver Ames HS Tigers batting - Pitching for Mountain Pointe HS : RHP Tim Pope
Batting: LHB Jason King 0-0: Called Strike
0-1: Ball
1-1: Ball
2-1: SINGLE (Groundball, 34D)
Batting: LHB Brandon Napoleon 0-0: Ball
Jason King is caught stealing 2nd base
1-0: Foul Ball, location: 2F
1-1: Foul Ball, location: 2F
1-2: Ball
2-2: Ball
3-2: Strikes out swinging
Batting: RHB Will Hinkle 0-0: Ball
1-0: Foul Ball, location: 2F
1-1: Swinging Strike
1-2: Ground out 4-3 (Groundball, 4MS)
Top of the 8th over - 0 run(s), 1 hit(s), 0 error(s), 0 left on base; Oliver Ames HS 9 - Mountain Pointe HS 9
BOTTOM OF THE 8TH
Mountain Pointe HS batting - Pitching for Oliver Ames HS Tigers : RHP Albert Ballard
Batting: LHB Rob Johnson 0-0: Called Strike
0-1: Fly out, F8 (Flyball, 8RM)
Batting: RHB Richard Bass 0-0: Ball
1-0: Ball
2-0: Ball
3-0: Called Strike
3-1: Called Strike
3-2: Strikes out swinging
Batting: SHB Erwin Dwyer 0-0: Ball
1-0: Ball
2-0: Called Strike
2-1: Ball
3-1: Base on Balls
Batting: RHB Vicente Correa 0-0: Called Strike
0-1: Foul Ball, location: 2F
0-2: 2-RUN HOME RUN (Flyball, 7D), Distance : 414 ft
Batting: LHB Johnny Beach 0-0: Ball
1-0: Ball
2-0: Ball
3-0: Base on Balls
Pitching: LHP Dustin Scott
Batting: SHB Paul Campbell 0-0: Foul Ball, location: 2F
0-1: Fly out, F1 (Line Drive, 13)
Bottom of the 8th over - 2 run(s), 1 hit(s), 0 error(s), 1 left on base; Oliver Ames HS 9 - Mountain Pointe HS 11
TOP OF THE 9TH
Oliver Ames HS Tigers batting - Pitching for Mountain Pointe HS : RHP Tim Pope
Pitching: RHP Joe Henderson
Batting: LHB Kevin Carter 0-0: Ball
1-0: Ball
2-0: Called Strike
2-1: Ball
3-1: SOLO HOME RUN (Line Drive, 9LD), Distance : 366 ft
Batting: RHB Kenny Miller 0-0: Called Strike
0-1: Swinging Strike
0-2: Ball
1-2: Foul Ball, location: 2F
1-2: Foul Ball, location: 2F
1-2: DOUBLE (Groundball, 5L)
Batting: SHB Mark Thompson 0-0: Ball
1-0: Called Strike
1-1: Swinging Strike
1-2: Foul Ball, location: 2F
1-2: Ball
2-2: Ball
3-2: Base on Balls
Batting: SHB Chris Barrett 0-0: Foul Ball, location: 2F
0-1: Foul Ball, location: 2F
0-2: Ball
1-2: Foul Ball, location: 2F
1-2: SINGLE (Line Drive, 9LS)
Kenny Miller to third
Mark Thompson to second
Batting: SHB Lee Dean 0-0: Called Strike
0-1: Reached on error, E4 (Groundball, 4)
Kenny Miller scores
Mark Thompson to third
Chris Barrett to second
Pitching: RHP Mike Barnett
Batting: RHB David Morgan 0-0: Ball
1-0: Called Strike
1-1: Ball
2-1: Foul Ball, location: 2F
2-2: Foul Ball, location: 2F
2-2: Strikes out swinging
Batting: LHB Jason King 0-0: Ball
1-0: Called Strike
1-1: Called Strike
1-2: SINGLE (Groundball, 34D)
Mark Thompson scores
Chris Barrett to third
Lee Dean to second
Batting: LHB Brandon Napoleon 0-0: Ball
1-0: Fly out, F6 (Popup, 5D)
Batting: RHB Will Hinkle 0-0: Called Strike
0-1: Foul Ball, location: 2F
0-2: Foul Ball, location: 2F
0-2: Ball
1-2: Foul Ball, location: 2F
1-2: Ball
2-2: SINGLE (Line Drive, 56)
Chris Barrett scores
Lee Dean to third
Jason King to second
Runner from 3rd tries for Home, SAFE, no throw
Batting: LHB Kevin Carter 0-0: Called Strike
0-1: Ball
1-1: Ball
2-1: SINGLE (Line Drive, 3D)
Jason King to third
Will Hinkle to second
Runner from 3rd tries for Home, SAFE, no throw
Batting: RHB Kenny Miller 0-0: Swinging Strike
0-1: Foul Ball, location: 2F
0-2: Ball
1-2: SINGLE (Groundball, 56D)
Will Hinkle to third
Kevin Carter to second
Batting: SHB Mark Thompson 0-0: Fielders Choice at 2nd, 5-4 (Groundball, 56)
Top of the 9th over - 6 run(s), 7 hit(s), 1 error(s), 2 left on base; Oliver Ames HS 15 - Mountain Pointe HS 11
BOTTOM OF THE 9TH
Mountain Pointe HS batting - Pitching for Oliver Ames HS Tigers : LHP Dustin Scott
Batting: RHB Ambrosio Hernández 0-0: Ball
1-0: Foul Ball, location: 2F
1-1: Foul Ball, location: 2F
1-2: Strikes out looking and he ARGUES THE CALL AND IS TOSSED!
Batting: RHB Bill Sharp 0-0: Swinging Strike
0-1: Ball
1-1: DOUBLE (Line Drive, 7LM)
Batting: SHB Larry Brantley 0-0: Called Strike
0-1: Swinging Strike
0-2: Foul Ball, location: 2F
0-2: Ground out 6-3 (Groundball, 6)
Batting: LHB Rob Johnson 0-0: Foul Ball, location: 2F
0-1: Ball
1-1: DOUBLE (Flyball, 7LM)
Bill Sharp scores
Pitching: RHP Bryan Stark
Batting: RHB Richard Bass 0-0: Called Strike
0-1: Called Strike
0-2: Ball
1-2: Fly out, F9 (Flyball, 89M)
Bottom of the 9th over - 1 run(s), 2 hit(s), 0 error(s), 1 left on base; Oliver Ames HS 15 - Mountain Pointe HS 12
Thursday, March 30th, 2017 - OOTP Baseball 17.12 Build 75